 Dungeon Crawl Stone Soup version 0.19.4-8-ga85b6b9 (webtiles) character file.

42 doot the Digger (level 3, -1/26 HPs)
             Began as a Ghoul Earth Elementalist on Feb 11, 2017.
             Slain by a jackal (2 damage)
             ... on level 1 of the Dungeon.
             The game lasted 00:04:50 (1699 turns).

doot the Digger (Ghoul Earth Elementalist)          Turns: 1699, Time: 00:04:53

Health: -1/26      AC:  2    Str: 11    XL:     3   Next: 56%
Magic:  1/5        EV:  7    Int: 11    God:
Gold:   30         SH:  0    Dex:  9    Spells: 2 memorised, 2 levels left

rFire  . . .     SeeInvis .     g - +0 short sword
rCold  + . .     Gourm    .     c - +0 robe
rNeg   + + +     Faith    .     (no shield)
rPois  ∞         Spirit   .     (no helmet)
rElec  .         Reflect  .     (no cloak)
rCorr  .         Harm     .     (no gloves)
MR     .....                    (no boots)
Stlth  ++........               (no amulet)
                                i - -5 ring of evasion (curse)
                                a - ring of positive energy

@: rotting
A: rotting body, claws 1, carnivore 3, cold resistance 1, negative energy
resistance 3, slow regeneration 1, torment resistance, unbreathing
a: no special abilities


You were on level 1 of the Dungeon.
You were not hungry.

You visited 1 branch of the dungeon, and saw 1 of its levels.

You collected 30 gold pieces.

Inventory:

Hand Weapons
 g - a +0 short sword (weapon)
Missiles
 b - 26 stones (quivered)
Armour
 c - a +0 robe (worn)
Jewellery
 a - a ring of positive energy (left claw)
 i - a cursed -5 ring of evasion (right claw)
Potions
 f - a potion of haste {unknown}
Books
 e - a book of Geomancy

   Spells                             Type                      Level
   a - Sandblast                      Earth                        1
   b - Passwall                       Transmutation/Earth          2
   c - Stone Arrow                    Conjuration/Earth            3
   d - Petrify                        Transmutation/Earth          4
   e - Lee's Rapid Deconstruction     Earth                        5
Comestibles
 d - 3 meat rations


   Skills:
 + Level 2.0 Dodging
 + Level 2.2 Stealth
 + Level 0.4 Unarmed Combat
 + Level 2.0 Spellcasting
   Level 0.8 Transmutations
 * Level 4.3 Earth Magic


You had 2 spell levels left.
You knew the following spells:

 Your Spells              Type           Power        Failure   Level  Hunger
a - Sandblast             Erth           ##....       6%          1    ##.....
b - Stone Arrow           Conj/Erth      #.....       38%         3    ####...


Dungeon Overview and Level Annotations

Branches:
Dungeon (1/15)

Altars:


Innate Abilities, Weirdness & Mutations

Your body is rotting away.
You thrive on raw meat.
You are immune to poison.
You have sharp fingernails.
You are carnivorous and can eat meat at any time.
Your flesh is cold resistant. (rC+)
You are immune to negative energy. (rN+++)
You regenerate slowly when monsters are visible.
You are immune to unholy pain and torment.
You can survive without breathing.


Message History

The jackal bites you.
You closely miss the jackal.
The jackal is almost dead.
The jackal bites you but does no damage. x2
The jackal bites you.
* * * LOW HITPOINT WARNING * * *
The jackal barely misses you.
You miss the jackal.
The jackal is almost dead.
The jackal bites you but does no damage.
The jackal bites you.
* * * LOW HITPOINT WARNING * * *
You hit the jackal but do no damage.
The jackal is almost dead.
The jackal bites you.
* * * LOW HITPOINT WARNING * * *
The jackal bites you.
* * * LOW HITPOINT WARNING * * *
The jackal closely misses you. The jackal bites you.
You die...

..# #.....##.#..########.##.#.
..# #.###.##...........#.#....
..######.....###..#######.#.####.
.............# #........#.#..)...
#.#######....# #..#####.#.#######
#............# #..# #.#...(....
#..######...####.># #.########.
...# #......h.## #.# #.....
#.#######....###@# #.# #.....
#............###h######.# #.....
#...##...######......##.#########
+...''...# #......##..........
#...##...# #......##..........
######.### #......##..........
######.########......##..........
.....#...........######..........
####.##################..........


You could see 2 jackals.

Vanquished Creatures
  2 dart slugs (D:1)
  3 leopard geckos (D:1)
  3 bats (D:1)
  A giant cockroach (D:1)
  4 goblins (D:1)
  5 hobgoblins (D:1)
  4 jackals (D:1)
  4 kobolds (D:1)
  6 rats (D:1)
32 creatures vanquished.

Notes
Turn   | Place    | Note
-------+----------+-------------------------------------------
     0 | D:1      | doot the Ghoul Earth Elementalist began the quest for the Orb.
     0 | D:1      | Reached XP level 1. HP: 14/14 MP: 2/2
   421 | D:1      | Reached XP level 2. HP: 18/19 MP: 0/3
   595 | D:1      | Reached skill level 4 in Earth Magic
   724 | D:1      | Reached XP level 3. HP: 9/26 MP: 0/4
   781 | D:1      | Learned a level 3 spell: Stone Arrow
  1699 | D:1      | HP: 1/26 [jackal (3)]
  1699 | D:1      | Slain by a jackal

Skill      XL: |  1  2  3 |
---------------+----------+-----
Earth Magic    | 4 |  4.3
Dodging        | 2 |  2.0
Spellcasting   | 2 |  2.0
Stealth        | |  2.2
Unarmed Combat | |  0.4
Transmutations | |  0.8

Action                   || total
-------------------------++-------
Melee: Unarmed           ||    57
       Short sword       ||    11
 Cast: Sandblast         ||    51
  Use: Scroll            ||     1
  Eat: Chunk             ||    10
Armor: Robe              ||    23
Dodge: Dodged            ||    59
